 Dungeon Crawl Stone Soup version 0.30-a0-223-gcb0039aa0c (webtiles) character file.

Game seed: 15381064221335090353

43 greasedhog the Grave Robber (level 3, -2/20 HPs)
             Began as a Gargoyle Necromancer on Oct 9, 2022.
             Slain by a worm (9 damage)
             ... on level 2 of the Dungeon.
             The game lasted 00:02:23 (1732 turns).

greasedhog the Grave Robber (Gargoyle Necromancer)  Turns: 1732, Time: 00:02:24

Health: -2/20      AC:  9    Str: 11    XL:     3   Next: 58%
Magic:  0/7        EV: 11    Int: 17    God:
Gold:   58         SH:  0    Dex: 10    Spells: 3/7 levels left

rFire   . . .      SeeInvis .    j - +0 whip
rCold   . . .      Faith    .    (no shield)
rNeg    + . .      Spirit   .    a - +0 robe
rPois   ∞          Reflect  .    (no helmet)
rElec   +          Harm     .    (no cloak)
rCorr   .          Rampage  .    i - +0 pair of gloves
Will    .....                    h - +2 pair of boots
Stlth   ++........               (no amulet)
HPRegen 0.23/turn                (no ring)
MPRegen 0.10/turn                (no ring)

@: no status effects
A: sickness immunity, AC +3, negative energy resistance 1, electricity
resistance, torment resistance 1, petrification resistance
a: no special abilities


You were on level 2 of the Dungeon.
You visited 1 branch of the dungeon, and saw 2 of its levels.

You collected 58 gold pieces.

Inventory:

Hand Weapons
 j - a +0 whip (weapon)
Armour
 a - a +0 robe (worn)
 h - a +2 pair of boots (worn)
 i - a +0 pair of gloves (worn)
Scrolls
 d - a scroll of fog
 k - a scroll of noise {unknown}
Potions
 b - a potion of magic
 c - a potion of cancellation {unknown}
 e - 2 potions of heal wounds {unknown}
 f - 2 potions of curing {unknown}
 g - a potion of berserk rage {unknown}


   Skills:
 + Level 1.2 Fighting
 - Level 1.5 Dodging
 - Level 2.1 Stealth
 * Level 2.7 Spellcasting
 * Level 3.7 Necromancy


You had 3 spell levels left.
You knew the following spells:

 Your Spells              Type           Power      Damage    Failure   Level
a - Necrotise             Necr           60%        1d7       4%          1
b - Vampiric Draining     Necr           15%        2d7       12%         3

Your spell library contained the following spells:

 Spells                   Type           Power      Damage    Failure   Level
 Animate Dead             Necr           15%        N/A       36%         4
 Agony                    Necr           15%        N/A       73%         5


Dungeon Overview and Level Annotations

Branches:
Dungeon (2/15)

Altars:
Nemelex Xobeh

Shops:
D:1 :


Innate Abilities, Weirdness & Mutations

You are immune to sickness and miasma.
Your stone body is resilient. (AC +3)
You are immune to poison.
You resist negative energy. (rN+)
You are resistant to electric shocks. (rElec)
You are resistant to unholy torment.
You are immune to petrification.


Message History

An adder comes into view.
There is an open door here.
An adder is nearby!
The adder hisses angrily.
The adder writhes in agony.
The adder barely resists.
The adder writhes in agony.
The adder writhes in agony.
You kill the adder!
The dead are slithering!
Your adder skeleton crumbles into dust!
A goblin comes into view. It is wielding a +0 dagger.
A goblin is nearby!
A goblin is nearby!
The goblin writhes in agony.
The goblin writhes in agony.
You kill the goblin!
The dead are walking!
This spell is extremely dangerous to cast!
Memorise Vampiric Draining, consuming 3 spell levels and leaving 3?
You start memorising the spell.
You continue memorising. x3
You finish memorising.
Spell assigned to 'b'.
Okay, then.
Your goblin skeleton crumbles into dust!
A bat, a dart slug and a worm come into view.
Found 8 gold pieces.
There are monsters nearby!
There are monsters nearby!
The worm writhes in agony.
The worm writhes in agony.
The worm writhes in agony!
The worm barely resists.
The worm barely resists.
The worm bites you!
The worm writhes in agony.
The worm barely resists.
The worm bites you!
* * * LOW HITPOINT WARNING * * *
You barely miss the worm.
The worm is almost dead.
The worm bites you!
You die...

#.........#######
.. #........# ..#
###.......# ..#
$.#.......#
###.##.#.......#
.....#.#.##..###
.......#.###.#
.....ww#.# #.#
#@.# #.# ##.# #..
.## ### .. ...
### .... ...
..... #.. +.....
#.. #..


You could see a worm and a dart slug.

Vanquished Creatures
  An adder (D:2)
  4 bats (D:1)
  3 endoplasms (D:1)
  2 giant cockroaches (D:1)
  5 goblins
  3 hobgoblins (D:1)
  2 quokkas
  4 ball pythons
  A frilled lizard (D:1)
  3 kobolds (D:1)
  3 rats (D:1)
31 creatures vanquished.

Vanquished Creatures (collateral kills)
  An endoplasm (D:1)
1 creature vanquished.

Vanquished Creatures (others)
  2 fungi (D:1)
2 creatures vanquished.

Grand Total: 34 creatures vanquished

Notes
Turn   | Place    | Note
-------+----------+-------------------------------------------
     0 | D:1      | greasedhog the Gargoyle Necromancer began the quest for the
                  | Orb.
     0 | D:1      | Reached XP level 1. HP: 10/10 MP: 3/3
    55 | D:1      | Found Suolayf's Book Emporium.
   301 | D:1      | Reached XP level 2. HP: 16/16 MP: 1/5
   652 | D:1      | Found a faded altar of an unknown god.
   833 | D:1      | Reached skill level 1 in Fighting
   850 | D:1      | Reached XP level 3. HP: 20/20 MP: 4/6
  1518 | D:2      | Found a sparkling altar of Nemelex Xobeh.
  1694 | D:2      | Learned a level 3 spell: Vampiric Draining
  1732 | D:2      | Slain by a worm

Illustrated notes

Levels and vault maps discovered:
D:1:      minmay_arrival_solitary_statue, layout_loops_ring,
          dreamdust_ecumenical_altar_grove, serial_shops, shop,
          chequers_serial_rivers_room_b
D:2:      layout_basic, basic_altar, minivault_11, minmay_cut_off

Skill      XL: |  1  2 |
---------------+-------+-----
Fighting       | 1 |  1.2
Dodging        | |  1.5
Stealth        | |  2.1
Spellcasting   | |  2.7
Necromancy     | |  3.7

Action                   || total
-------------------------++-------
Melee: Unarmed           ||    13
       Whip              ||     1
 Cast: Necrotise         ||    60
  Use: Scroll            ||     3
Armor: Robe              ||     7
Dodge: Dodged            ||    15

Table legend: (Time is in decaauts)
 A = Elapsed time spent in this place.
 B = Non-inter-level travel time spent in this place.
 C = Inter-level travel time spent in this place.
 D = Time resting spent in this place.
 E = Time spent auto-exploring this place.
 F = Levels seen in this place.
 G = Mean time per level.
                   A        B        C        D        E       F      G
               +--------+--------+--------+--------+--------+-----+--------+
         Total |   1731 |   1553 |    178 |    134 |   1233 |   2 |  865.5 |
       Dungeon |   1731 |   1553 |    178 |    134 |   1233 |   2 |  865.5 |
               +--------+--------+--------+--------+--------+-----+--------+

Top non-repeatable levels by time:
     D:1: 1401 daAuts
     D:2: 329 daAuts
